 Dungeon Crawl Stone Soup version 0.20-a0-984-ge8aa303 (webtiles) character file.

175 MTVSty1e the Insei (level 5, 0/42 HPs)
             Began as a Bultungin Transmuter on Apr 10, 2017.
             Slain by Grinder (3 damage)
             ... on level 4 of the Dungeon.
             The game lasted 00:11:30 (4029 turns).

MTVSty1e the Insei (Bultungin Transmuter)           Turns: 4029, Time: 00:11:31

Health: 0/42       AC:  0    Str:  9    XL:     5   Next: 55%
Magic:  1/11       EV: 17    Int: 13    God:
Gold:   162        SH:  2    Dex: 16    Spells: 8/12 levels left

rFire    . . .     SeeInvis +     - Unarmed
rCold    . . .     Gourm    .   (shield currently unavailable)
rNeg     . . .     Faith    .   (armour currently unavailable)
rPois    .         Spirit   .   (helmet currently unavailable)
rElec    .         Reflect  +   (cloak currently unavailable)
rCorr    .         Harm     .   (gloves currently unavailable)
MR       .....                  (boots currently unavailable)
Stlth    +.........             k - +2 amulet of reflection
Regen    0.2/turn               (ring currently unavailable)
MPRegen  0.2/turn               (ring currently unavailable)

@: pig-form, slightly contaminated, very quick
A: short attention span, see invisible, strong nose
a: no special abilities


You were on level 4 of the Dungeon.
You were hungry.
You were a filthy swine.
You visited 1 branch of the dungeon, and saw 4 of its levels.

You collected 162 gold pieces.

Inventory:

Hand Weapons
 e - a +1 dagger of speed (melded)
 g - a +0 short sword
Missiles
 a - 18 arrows
Armour
 b - a +0 robe (melded)
 d - a +0 buckler of poison resistance (melded)
 f - a +0 cloak
 o - a +1 cloak (melded)
Jewellery
 k - a +2 amulet of reflection (around neck)
Scrolls
 h - a scroll of enchant armour {unknown}
 i - 3 scrolls of remove curse
Potions
 n - a potion of cancellation
Books
 c - a book of Changes

   Spells                             Type                      Level
   a - Beastly Appendage              Transmutation                1
   b - Sticks to Snakes               Transmutation                2
   c - Spider Form                    Transmutation/Poison         3
   d - Ice Form                       Ice/Transmutation            4
   e - Blade Hands                    Transmutation                5
Comestibles
 m - 2 bread rations
 q - a chunk of flesh


   Skills:
 * Level 4.1 Fighting
 + Level 2.4 Short Blades
 + Level 2.2 Armour
 + Level 3.9 Dodging
 + Level 0.0 Shields
 - Level 4.8 Unarmed Combat
 + Level 4.1 Spellcasting
 + Level 4.2 Transmutations


You had 8 spell levels left.
You knew the following spells:

 Your Spells              Type           Power        Failure   Level  Hunger
a - Beastly Appendage     Tmut           ##....       4%          1    None
b - Spider Form           Tmut/Pois      #.........   28%         3    ###....


Dungeon Overview and Level Annotations

Branches:
Dungeon (4/15)
 Temple: D:4-7

Altars:
Dithmenos
Elyvilon
Kikubaaqudgha
Qazlal
Trog
Vehumet
Xom

Annotations:
D:4 Grinder, Ijyb


Innate Abilities, Weirdness & Mutations

You have a short attention span.
((You have very sharp teeth.))
You have supernaturally acute eyesight. (SInv)
Your uncanny sense of smell can sniff out nearby items.


Message History

You turn into a filthy swine.
Your +1 dagger of speed melds into your body.
Your +1 cloak melds into your body.
Your +0 buckler of poison resistance melds into your body.
Your +0 robe melds into your body.
You no longer feel resistant to poison.
Grinder misses you.
You barely miss Ijyb.
Ijyb is lightly wounded.
Ijyb hits you. Grinder misses you.
You hit Ijyb.
Ijyb is lightly wounded.
Ijyb hits you.
* * * LOW HITPOINT WARNING * * *
Grinder barely misses you.
You hit Ijyb.
Ijyb is moderately wounded.
Ijyb misses you. Grinder hits you!
* * * LOW HITPOINT WARNING * * *
You writhe in agony.
You die...

.##†.....#
.........# .##
###......# ..#
###......# #.#
....###### #.#
##### #.#
######### #Z#
#.......#### #g#
#..........####h#
##.##.#........5.#
.........##.######
##.##.#..##.#
#.##.#..##.#
#..........#
############


You could see Grinder, Ijyb and an adder skeleton.

Vanquished Creatures
  Natasha (D:2)
  Terence (D:3)
  4 adders
  A gnoll (D:1)
  4 worms
  2 dart slugs (D:1)
  A leopard gecko (D:1)
  An orc (D:3)
  A ball python (D:1)
  4 bats
  2 giant cockroaches
  8 goblins
  6 hobgoblins
  9 jackals
  8 kobolds
  2 frilled lizards (D:1)
  7 rats
62 creatures vanquished.

Notes
Turn   | Place    | Note
-------+----------+-------------------------------------------
     0 | D:1      | MTVSty1e the Bultungin Transmuter began the quest for the Orb.
     0 | D:1      | Reached XP level 1. HP: 15/15 MP: 4/4
   127 | D:1      | Reached XP level 2. HP: 2/22 MP: 6/6
   694 | D:1      | Reached skill level 1 in Armour
   694 | D:1      | Reached XP level 3. HP: 21/28 MP: 7/7
  1799 | D:2      | Learned a level 3 spell: Spider Form
  2001 | D:2      | Reached skill level 1 in Short Blades
  2001 | D:2      | Reached XP level 4. HP: 31/34 MP: 9/9
  2698 | D:2      | Noticed Natasha
  2711 | D:2      | Killed Natasha
  2867 | D:2      | Found a shadowy altar of Dithmenos.
  2870 | D:2      | Found a radiant altar of Vehumet.
  2870 | D:2      | Found a shimmering altar of Xom.
  2870 | D:2      | Found a stormy altar of Qazlal.
  2871 | D:2      | Found an ancient bone altar of Kikubaaqudgha.
  2873 | D:2      | Found a white marble altar of Elyvilon.
  2874 | D:2      | Found a bloodstained altar of Trog.
  3051 | D:2      | Reached XP level 5. HP: 26/41 MP: 11/11
  3686 | D:3      | Noticed a water elemental
  3688 | D:3      | Found a stormy altar of Qazlal.
  3689 | D:3      | Noticed a fire elemental
  3690 | D:3      | Noticed an air elemental
  3861 | D:3      | Noticed Terence
  3895 | D:3      | Killed Terence
  3960 | D:4      | Noticed Grinder
  3963 | D:4      | Paralysed by Grinder for 6 turns
  3983 | D:4      | Paralysed by Grinder for 7 turns
  3986 | D:4      | HP: 1/42 [Grinder (3)]
  4014 | D:4      | Noticed Ijyb
  4015 | D:4      | Paralysed by Grinder for 7 turns
  4029 | D:4      | Slain by Grinder

Vault maps used:
D:1:      dpeg_arrival_signposts, st_stairs_1
D:2:      minitemple, uniq_natasha
D:3:      first_bread, nicolae_qazlal_style_of_elements, uniq_terence
D:4:      uniq_grinder, uniq_iyjb, uniq_crazy_yiuf_cottage

Skill      XL: |  1  2  3  4  5 |
---------------+----------------+-----
Fighting       | 2 3 4 |  4.1
Armour         | 1 2 |  2.2
Short Blades   | 1 2 |  2.4
Spellcasting   | 4 |  4.1
Transmutations | 4 |  4.2
Dodging        | |  3.9
Unarmed Combat | |  4.8

Action                   |  1- 3 |  4- 6 || total
-------------------------+-------+-------++-------
Melee: Unarmed           |    90 |     3 ||    93
       Kick              |     9 |    26 ||    35
       Bite              |     9 |    31 ||    40
       Punch             |     2 |       ||     2
       Headbutt          |     1 |     5 ||     6
       Short sword       |    63 |       ||    63
       Dagger            |     7 |   223 ||   230
 Cast: Beastly Appendage |     9 |     8 ||    17
  Use: Scroll            |     3 |     8 ||    11
       Potion            |       |     3 ||     3
 Stab: Sleeping          |     2 |     3 ||     5
  Eat: Bread ration      |     1 |     1 ||     2
       Chunk             |       |     1 ||     1
Armor: Robe              |    34 |    21 ||    55
Dodge: Dodged            |   115 |    73 ||   188
Block: Buckler           |       |    22 ||    22
       Other             |       |     1 ||     1
